 Dungeon Crawl Stone Soup version 0.31-a0-1074-g0b22e4e0f1 (webtiles) character file.

Game seed: 2771309935402080990

2 Curundu the Grave Robber (level 1, -1/13 HPs)
             Began as a Vampire Necromancer on Dec 1, 2023.
             Slain by a jackal (3 damage)
             ... on level 1 of the Dungeon.
             The game lasted 00:00:50 (42 turns).

Curundu the Grave Robber (Vampire Necromancer)        Turns: 42, Time: 00:00:51

Health: -1/13      AC:  2    Str:  7    XL:     1   Next: 25%
Magic:  1/3        EV: 12    Int: 17    God:
Gold:   0          SH:  0    Dex: 14    Spells: 3/4 levels left

rFire   . . .        (no weapon)
rCold   . . .        (no shield)
rNeg    . . .        a - +0 robe
rPois   .            (no helmet)
rElec   .            (no cloak)
rCorr   .            (no gloves)
SInv    +            (no boots)
Will    .....        (no amulet)
Stlth   ++           (no ring)
HPRegen 0.42/turn    (no ring)
MPRegen 0.08/turn

%: no passive effects
@: healing quickly
A: alive, fangs 3, see invisible, vampiric 1
a: Exsanguinate


You were on level 1 of the Dungeon.
You visited 1 branch of the dungeon, and saw 1 of its levels.

Inventory:

Armour
 a - a +0 robe (worn)
Potions
 b - a potion of magic


   Skills:
 + Level 2.1 Dodging
 + Level 3.0 Stealth
 + Level 2.1 Spellcasting
 + Level 4.4 Necromancy


You had 3 spell levels left.
You knew the following spells:

 Your Spells              Type           Power      Damage    Failure   Level
a - Necrotise             Necr           64%        1d7       3%          1

Your spell library contained the following spells:

 Spells                   Type           Power      Damage    Failure   Level
 Vampiric Draining        Necr           16%        2d7       10%         3
 Animate Dead             Necr           16%        N/A       30%         4
 Agony                    Necr           16%        N/A       65%         5


Dungeon Overview and Level Annotations

Branches:
Dungeon (1/15)

Altars:


Innate Abilities, Weirdness & Mutations

Your natural rate of healing is accelerated.
You have razor-sharp teeth.
You have supernaturally acute eyesight. (SInv)
You are afflicted with vampirism.


Message History

Your ball python skeleton bites the jackal but does no damage.
Your ball python skeleton constricts the jackal.
You hit the jackal but do no damage. The jackal closely misses you.
The jackal bites your ball python skeleton.
Your ball python skeleton is destroyed!
The quokka closely misses you.
Your jackal skeleton misses the quokka.
The jackal misses you.
You closely miss the jackal. The quokka barely misses you.
Your jackal skeleton misses the quokka.
The jackal barely misses you. The jackal bites you.
You barely miss the jackal. The jackal bites you. The jackal barely misses you.
The quokka bites you but does no damage.
Your jackal skeleton barely misses the quokka.
The jackal bites you. The quokka bites you.
The jackal bites you but does no damage.
Your jackal skeleton misses the quokka.
The jackal attacks as it pursues you! The jackal closely misses you.
The jackal attacks as it pursues you! The jackal bites you.
* * * LOW HITPOINT WARNING * * *
The jackal attacks as it pursues you! The jackal barely misses you.
Your jackal skeleton barely misses the quokka.
You hit the jackal but do no damage. The jackal barely misses you.
The jackal bites you but does no damage.
Your jackal skeleton closely misses the quokka.
The jackal closely misses you. The jackal barely misses you.
You closely miss the jackal.
Your jackal skeleton completely misses the quokka.
The jackal closely misses you. x2
You closely miss the jackal. The jackal barely misses you.
Your jackal skeleton bites the quokka.
The jackal bites you.
* * * LOW HITPOINT WARNING * * *
You hit the jackal but do no damage. The jackal misses you.
The jackal closely misses you.
Your jackal skeleton bites the quokka.
The jackal barely misses you.
The jackal bites you but does no damage.
Your jackal skeleton bites the quokka.
You hit the jackal but do no damage.
The jackal bites you but does no damage.
The jackal bites you.
You die...

#.#######
#.......#
#.>.....####
#...........
#........#
#..Z....#
#...r...##
####hh...#
##@....#
##......####
#.......#..
#..........
#.##.....#.
#.##8###8#
#........#
#..#.....#
#..#..<..#


You could see a quokka (ally target), 2 jackals and a friendly jackal skeleton.

Vanquished Creatures
  A jackal (D:1)
  A ball python (D:1)
2 creatures vanquished.

Notes
Turn   | Place    | Note
-------+----------+-------------------------------------------
     0 | D:1      | Curundu the Vampire Necromancer began the quest for the
                  | Orb.
     0 | D:1      | Reached XP level 1. HP: 13/13 MP: 3/3
    42 | D:1      | Slain by a jackal

Illustrated notes

Levels and vault maps discovered:
D:1:      scummos_arrival_simple_crosswalls, layout_rooms, serial_bayou_crossing

Action                     || total
---------------------------++-------
  Melee: Unarmed           ||    10
         Bite              ||     1
   Cast: Necrotise         ||     4
 Armour: Robe              ||    13
  Dodge: Dodged            ||    23

Table legend: (Time is in decaauts)
 A = Elapsed time spent in this place.
 B = Non-inter-level travel time spent in this place.
 C = Inter-level travel time spent in this place.
 D = Time resting spent in this place.
 E = Time spent auto-exploring this place.
 F = Levels seen in this place.
 G = Mean time per level.
                   A        B        C        D        E       F      G
               +--------+--------+--------+--------+--------+-----+--------+
         Total |     42 |     42 |      0 |      8 |      0 |   1 |   42.0 |
       Dungeon |     42 |     42 |      0 |      8 |      0 |   1 |   42.0 |
               +--------+--------+--------+--------+--------+-----+--------+

Top non-repeatable levels by time:
     D:1: 42 daAuts
